 Dungeon Crawl Stone Soup version 0.28-a0-114-g2bf3c13a2f (webtiles) character file.

Game seed: 10448541484784418142

21 Loskel the Skirmisher (level 2, 0/24 HPs)
             Began as a Demonspawn Monk on Aug 13, 2021.
             Was a Believer of Okawaru.
             Succumbed to an adder's poison
             ... on level 2 of the Dungeon.
             The game lasted 00:02:28 (838 turns).

Loskel the Skirmisher (Demonspawn Monk)              Turns: 838, Time: 00:02:29

Health: 0/24       AC:  8    Str: 11    XL:     2   Next: 62%
Magic:  2/2        EV: 11    Int: 11    God:    Okawaru [**....]
Gold:   88         SH:  3    Dex: 15    Spells: 1/1 levels left

rFire   . . .      SeeInvis .   a - +0 falchion
rCold   . . .      Faith    .   f - +0 buckler
rNeg    . . .      Spirit   .   c - +0 leather armour
rPois   .          Reflect  .   b - +0 helmet
rElec   .          Harm     .   (no cloak)
rCorr   .          Rampage  .   (no gloves)
Will    .....                   (no boots)
Stlth   ++........              d - amulet of magic regeneration
HPRegen 0.08/turn               e - +4 ring of protection
MPRegen 0.33/turn               (no ring)

@: lethally poisoned (0 -> -9)
A: claws 1
a: Renounce Religion, Heroism


You were on level 2 of the Dungeon.
You worshipped Okawaru.
Okawaru was pleased with you.
You visited 1 branch of the dungeon, and saw 2 of its levels.

You collected 88 gold pieces.

Inventory:

Hand Weapons
 a - a +0 falchion (weapon)
Armour
 b - a +0 helmet (worn)
 c - a +0 leather armour (worn)
 f - a +0 buckler (worn)
Jewellery
 d - an amulet of magic regeneration (around neck)
 e - a +4 ring of protection (left claw)


   Skills:
 + Level 3.3 Fighting
 * Level 3.3 Long Blades
 + Level 0.2 Armour
 - Level 2.6 Dodging
 - Level 1.7 Stealth
 + Level 0.0 Shields


You had one spell level left.
You didn't know any spells.
Your spell library contained the following spells:

 Spells                   Type           Power      Damage    Failure   Level
 Summon Small Mammal      Summ           0%         N/A       61%         1
 Call Canine Familiar     Summ           0%         N/A       93%         3
 Summon Guardian Golem    Hex/Summ       0%         N/A       93%         3


Dungeon Overview and Level Annotations

Branches:
Dungeon (2/15)

Altars:
Okawaru


Innate Abilities, Weirdness & Mutations

You have sharp fingernails.


Message History

The adder bites you but does no damage. The adder bites you.
You hit the adder but do no damage.
The adder is heavily wounded.
The adder bites you.
You hit the adder but do no damage.
The adder is heavily wounded.
The adder barely misses you.
You riposte.
You hit the adder but do no damage.
The adder is heavily wounded.
You block the adder's attack.
You closely miss the adder.
The adder is heavily wounded.
The adder closely misses you.
You miss the adder.
The adder is heavily wounded.
The adder bites you.
You are poisoned.
The adder poisons you! The adder bites you.
You are more poisoned.
The adder poisons you!
You hit the adder.
The adder is almost dead.
You feel very sick. The adder closely misses you.
You completely miss the adder.
The adder is almost dead.
You feel sick. The adder bites you but does no damage. The adder misses you.
You closely miss the adder.
The adder is severely wounded.
* * * LOW HITPOINT WARNING * * *
You feel sick. The adder bites you but does no damage.
You completely miss the adder.
The adder is severely wounded.
You feel sick. The adder bites you.
* * * LOW HITPOINT WARNING * * *
You are more poisoned.
The adder poisons you! The adder closely misses you.
You hit the adder.
You kill the adder!
Okawaru accepts your kill.
You die...

### ... #..
#.##########
#######.##...[....
........@†g.......
######.##########
##.#######
#############........#
#...........#...####.#
#...........#...#
#...........##.##
#...........##.#####.#
#....................#


You could see a goblin.

Vanquished Creatures
  An adder (D:2)
  A dart slug (D:1)
  2 endoplasms (D:1)
  2 giant cockroaches (D:1)
  A goblin (D:1)
  A hobgoblin (D:1)
  4 jackals (D:1)
  A kobold (D:1)
  A quokka (D:1)
  A frilled lizard (D:1)
  A rat (D:1)
16 creatures vanquished.

Notes
Turn   | Place    | Note
-------+----------+-------------------------------------------
     0 | D:1      | Loskel the Demonspawn Monk began the quest for the Orb.
     0 | D:1      | Reached XP level 1. HP: 18/18 MP: 1/1
   424 | D:1      | Gained mutation: You have sharp fingernails. [demonic
                  | ancestry]
   424 | D:1      | Reached XP level 2. HP: 23/24 MP: 2/2
   450 | D:1      | Found a faded altar of an unknown god.
   456 | D:1      | Became a worshipper of Warmaster Okawaru
   456 | D:1      | Reached * piety under Okawaru
   456 | D:1      | Reached ** piety under Okawaru
   838 | D:2      | Succumbed to an adder's poison

Illustrated notes

Levels and vault maps discovered:
D:1:      sevenhm_arrival_forest_fort_small_5, layout_loops_cross,
          dreamdust_ecumenical_altar_angels_and_demons
D:2:      layout_basic, grunt_ministairs_15, kennysheep_generic_room_6,
          uniq_sigmund

Skill      XL: |  1 |
---------------+----+-----
Long Blades    | 3 |  3.3
Fighting       | |  3.3
Armour         | |  0.2
Dodging        | |  2.6
Stealth        | |  1.7

Action                   || total
-------------------------++-------
Melee: Falchion          ||    82
 Stab: Sleeping          ||     1
Armor: Leather armour    ||    30
Dodge: Dodged            ||    50
Block: Buckler           ||     3
       Rpst.: Falchion   ||     9

Table legend: (Time is in decaauts)
 A = Elapsed time spent in this place.
 B = Non-inter-level travel time spent in this place.
 C = Inter-level travel time spent in this place.
 D = Time resting spent in this place.
 E = Time spent auto-exploring this place.
 F = Levels seen in this place.
 G = Mean time per level.
                   A        B        C        D        E       F      G
               +--------+--------+--------+--------+--------+-----+--------+
         Total |    852 |    833 |     19 |     59 |    581 |   2 |  426.0 |
       Dungeon |    852 |    833 |     19 |     59 |    581 |   2 |  426.0 |
               +--------+--------+--------+--------+--------+-----+--------+

Top non-repeatable levels by time:
     D:1: 771 daAuts
     D:2: 81 daAuts
